 Dungeon Crawl Stone Soup version 0.24-a0-275-g6f7e2cb4ba (webtiles) character file.

Game seed: 3177594327340529757

270 Hercules1031 the Skirmisher (level 6, -1/72 HPs)
             Began as a Demonspawn Fighter on Apr 28, 2019.
             Succumbed to an orc's poison
             ... on level 3 of the Dungeon.
             The game lasted 00:06:40 (3269 turns).

Hercules1031 the Skirmisher (Demonspawn Fighter)    Turns: 3269, Time: 00:06:41

Health: -1/72      AC: 20    Str: 24    XL:     6   Next: 1%
Magic:  6/6        EV:  5    Int:  9    God:
Gold:   175        SH:  9    Dex: 12    Spells: 5/5 levels left

rFire    + . .     SeeInvis .   a - +0 war axe
rCold    . . .     Gourm    .   c - +0 shield
rNeg     . . .     Faith    .   w - +0 plate armour
rPois    .         Spirit   .   j - +2 hat
rElec    .         Reflect  .   p - +0 cloak
rCorr    .         Harm     .   e - +0 pair of gloves
MR       .....                  g - +0 pair of boots
Stlth    ..........             (no amulet)
HPRegen  0.22/turn              (no ring)
MPRegen  0.10/turn              (no ring)

@: berserking, lethally poisoned (-1 -> -15), hasted, lightly drained, very
quick
A: talons 1, slimy green scales 2, fire resistance 1
a: no special abilities


You were on level 3 of the Dungeon.
You were not hungry.

You visited 1 branch of the dungeon, and saw 3 of its levels.

You collected 175 gold pieces.

Inventory:

Hand Weapons
 a - a +0 war axe (weapon)
Armour
 b - a +0 scale mail
 c - a +0 shield (worn)
 e - a +0 pair of gloves (worn)
 g - a +0 pair of boots (worn)
 j - a +2 hat (worn)
 p - a +0 cloak (worn)
 w - a +0 plate armour (worn)
Wands
 k - a wand of random effects (28)
Scrolls
 n - 6 scrolls of identify {unknown}
 r - a scroll of teleportation {unknown}
 t - 2 scrolls of remove curse {unknown}
Potions
 d - 2 potions of might
 h - a potion of cancellation {unknown}
 i - a potion of heal wounds {unknown}
 l - a potion of degeneration {unknown}
 m - a potion of ambrosia {unknown}
 o - a potion of berserk rage
 q - 2 potions of haste
 s - a potion of lignification {unknown}
 u - a potion of agility {unknown}
 v - a potion of flight {unknown}
Comestibles
 f - a ration


   Skills:
 + Level 4.0 Fighting
 + Level 3.0 Axes
 + Level 3.6(3.5) Armour
 + Level 2.1 Dodging
 + Level 3.6(3.5) Shields


You had 5 spell levels left.
You didn't know any spells.
Your spell library was empty.

Dungeon Overview and Level Annotations

Branches:
Dungeon (3/15)

Altars:
Dithmenos
Fedhas
Qazlal
Wu Jian
Xom


Innate Abilities, Weirdness & Mutations

You have sharp toenails.
You are mostly covered in slimy green scales. (AC +3)
Your flesh is heat resistant. (rF+)


Message History

A red film seems to cover your vision as you go berserk!
You feel yourself moving faster!
You feel mighty!
You feel sick. You block the orc's attack.
The hobgoblin hits you with a +0 club.
* * * LOW HITPOINT WARNING * * *
You are too berserk!
Unknown command.
You are too berserk!
You closely miss the orc.
The orc is severely wounded.
You closely miss the hobgoblin.
* * * LOW HITPOINT WARNING * * *
You feel sick. You block the orc's attack.
The orc priest invokes the aid of Beogh against you.
Beogh smites you!
* * * LOW HITPOINT WARNING * * *
The hobgoblin hits you but does no damage.
You slice the orc!!
You kill the orc!
You closely miss the hobgoblin.
You die...

#.###.###.#.....##......###
#.........##...######.###
#####.#######'## #.# #.#
#.# #.# #.# #.# #.# #.#
##.####### #.# ##.........
#.# #......<... #.#
##)@....... ....oog........
########....... .......
....... #######


You could see an orc priest, an orc and a hobgoblin.

Vanquished Creatures
  4 crimson imps (D:3)
  3 adders
  2 oozes
  A worm (D:3)
  2 dart slugs
  4 leopard geckos
  4 orcs (D:3)
  2 ball pythons
  7 giant cockroaches
  8 goblins
  9 hobgoblins
  12 jackals
  8 bats
  3 frilled lizards
  9 kobolds
  3 rats
81 creatures vanquished.

Notes
Turn   | Place    | Note
-------+----------+-------------------------------------------
     0 | D:1      | Hercules1031 the Demonspawn Fighter began the quest for the
                  | Orb.
     0 | D:1      | Reached XP level 1. HP: 18/18 MP: 1/1
   150 | D:1      | Gained mutation: You are partially covered in slimy green
                  | scales. (AC +2) [demonic ancestry]
   150 | D:1      | Reached XP level 2. HP: 12/24 MP: 2/2
   984 | D:1      | Gained mutation: Your flesh is heat resistant. (rF+)
                  | [demonic ancestry]
   984 | D:1      | Reached XP level 3. HP: 28/29 MP: 3/3
  1169 | D:2      | Reached skill level 1 in Dodging
  1638 | D:2      | Reached XP level 4. HP: 35/35 MP: 4/4
  1704 | D:2      | Found a blossoming altar of Fedhas.
  1779 | D:2      | Found a stormy altar of Qazlal.
  1780 | D:2      | Found an ornate altar of the Wu Jian Council.
  2189 | D:2      | Found a shadowy altar of Dithmenos.
  2571 | D:3      | Found a shimmering altar of Xom.
  2624 | D:3      | Gained mutation: You are mostly covered in slimy green
                  | scales. (AC +3) [demonic ancestry]
  2624 | D:3      | Reached XP level 5. HP: 34/42 MP: 5/5
  2960 | D:3      | Reached skill level 4 in Fighting
  3138 | D:3      | Gained mutation: You have sharp toenails. [demonic
                  | ancestry]
  3138 | D:3      | Reached XP level 6. HP: 48/48 MP: 6/6
  3268 | D:3      | HP: 1/72 [orc priest/divine providence (14)]
  3269 | D:3      | Succumbed to an orc's poison

Levels and vault maps discovered:
D:1:      dpeg_arrival_leaves_temple_mockup, layout_loops_cross
D:2:      layout_rooms, fedhas_altar_3, nicolae_overflow_hidden_temple,
          lemuel_coloured_pillars_altar, st_stairs_4
D:3:      layout_loops_corners, grunt_ministairs_15, led_xom_imps, uniq_natasha

Skill      XL: |  1  2  3  4  5 |
---------------+----------------+-----
Axes           | 2 3 |  3.0
Shields        | 3 |  3.6
Armour         | 3 |  3.6
Dodging        | 1 2 |  2.1
Fighting       | 4 |  4.0

Action                   |  1- 3 |  4- 6 || total
-------------------------+-------+-------++-------
Melee: War axe           |   144 |   187 ||   331
  Use: Scroll            |     2 |       ||     2
       Potion            |       |     2 ||     2
  Eat: Ration            |     1 |     2 ||     3
Armor: Scale mail        |   101 |   118 ||   219
       Plate armour      |       |     9 ||     9
Dodge: Dodged            |    54 |    58 ||   112
Block: Shield            |    97 |    92 ||   189

Table legend:
 A = Non-vault XP
 B = Vault XP
 C = Vault XP percentage of total XP
 D = Non-vault monster count
 E = Vault monster count
 F = Vault count percentage of total count
                 A         B        C        D         E       F
            +---------+---------+-------+---------+---------+-------
      Total |     192 |     195 |  50.4 |      74 |       7 |   8.6
            +---------+---------+-------+---------+---------+-------
        D:1 |      47 |       0 |   0.0 |      24 |       0 |   0.0
        D:2 |      80 |       3 |   3.6 |      29 |       1 |   3.3
        D:3 |      65 |     192 |  74.7 |      21 |       6 |  22.2
            +---------+---------+-------+---------+---------+-------
